 Dungeon Crawl Stone Soup version 0.28-a0-80-g9707f7362f (webtiles) character file.

Game seed: 2216711138835687352

436 HAL9000 the Changer (level 6, -5/50 HPs)
             Began as a Draconian Transmuter on Aug 5, 2021.
             Slain by Duvessa (12 damage)
             ... on level 6 of the Dungeon.
             The game lasted 00:06:36 (4383 turns).

HAL9000 the Changer (Draconian Transmuter)          Turns: 4383, Time: 00:06:37

Health: -5/50      AC:  2    Str: 13    XL:     6   Next: 68%
Magic:  9/9        EV: 19    Int: 20    God:
Gold:   99         SH:  0    Dex: 17    Spells: 3/9 levels left

rFire   . . .      SeeInvis .     - Unarmed
rCold   . . .      Faith    .   (shield currently unavailable)
rNeg    . . .      Spirit   .   (armour unavailable)
rPois   .          Reflect  .   (helmet currently unavailable)
rElec   .          Harm     .   (cloak currently unavailable)
rCorr   .          Rampage  .   (gloves currently unavailable)
Will    .....                   (boots currently unavailable)
Stlth   ++........              (no amulet)
HPRegen 0.16/turn               c - ring of poison resistance
MPRegen 0.11/turn               d - +6 ring of intelligence

@: about to teleport, spider-form (expiring)
A: venomous fangs, AC +6, tiny, unfitting armour, (cold-blooded)
a: End Transformation


You were on level 6 of the Dungeon.
You were a venomous arachnid creature.
You visited 1 branch of the dungeon, and saw 6 of its levels.

You collected 129 gold pieces.
You spent 30 gold pieces at shops.

Inventory:

Missiles
 k - 8 boomerangs (quivered)
 m - 3 poisoned darts
Armour
 a - a +0 pair of gloves (melded)
Jewellery
 c - a ring of poison resistance (left front leg)
 d - a +6 ring of intelligence (right front leg)
 n - a ring of resist corrosion
Scrolls
 b - a scroll of teleportation
 f - a scroll of amnesia {unknown}
 i - a scroll of holy word {unknown}
 j - a scroll of immolation {unknown}
 l - a scroll of magic mapping {unknown}
 o - a scroll of identify {unknown}
Potions
 e - a potion of curing {unknown}
 g - a potion of flight {unknown}
 h - a potion of ambrosia


   Skills:
 * Level 2.9 Fighting
 - Level 1.7 Dodging
 + Level 5.0 Unarmed Combat
 - Level 2.0 Spellcasting
 - Level 5.3 Transmutations


You had 3 spell levels left.
You knew the following spells:

 Your Spells              Type           Power      Damage    Failure   Level
a - Beastly Appendage     Tmut           46%        N/A       8%          1
b - Wereblood             Tmut           23%        N/A       10%         2
c - Spider Form           Tmut/Pois      6%         N/A       34%         3

Your spell library contained the following spells:

 Spells                   Type           Power      Damage    Failure   Level
 Corpse Rot               Necr/Air       N/A        N/A       45%         2
 Ice Form                 Ice/Tmut       12%        N/A       67%         4
 Dispel Undead            Necr           2%         3d7       94%         4
 Summon Lightning Spire   Summ/Air       2%         N/A       94%         4
 Death Channel            Necr           1%         N/A       100%        6
 Storm Form               Tmut/Air       6%         N/A       100%        7
 Maxwell's Capacitive Co  Air            1%         ∞         100%        8


Dungeon Overview and Level Annotations

Branches:
Dungeon (7/15)             Temple (0/1) D:6

Altars:
Gozag
Okawaru
Uskayaw

Shops:
D:2 ?

Annotations:
D:6 Dowan, Duvessa, Edmund


Innate Abilities, Weirdness & Mutations

You are a venomous arachnid creature.
You have poisonous fangs.
You are tiny and dextrous.
Your spellcasting is less reliable in this form.
Your armour is entirely melded.
You are incapable of wielding weapons or throwing items.
((Your plain brown scales are hard. (AC +6)))
You cannot fit into any form of body armour.
((You are cold-blooded and may be slowed by cold attacks.))


Message History

You hit the necrophage.
The necrophage is almost destroyed.
The necrophage completely misses you.
You hit the necrophage.
You destroy the necrophage!
Duvessa hits you with a +0 short sword.
Your life force feels restored.
Your Unarmed Combat skill increases to level 5!
You are too injured to fight recklessly!
You completely miss Duvessa. Duvessa misses you.
You hit Duvessa but do no damage.
Duvessa is poisoned.
Duvessa misses you. Duvessa completely misses you.
You bite Duvessa!
Duvessa is moderately wounded.
Duvessa hits you with a +0 short sword.
It was a potion of ambrosia.
You are confused.
You feel invigorated. Duvessa hits you with a +0 short sword.
A phantom comes into view.
Duvessa barely misses you.
Unknown command.
You bump into the rock wall.
Your transformation is almost over.
Duvessa hits you with a +0 short sword!
* * * LOW HITPOINT WARNING * * *
Dowan gestures wildly while chanting.
Dowan blinks!
Unknown command.
Dowan gestures wildly while chanting.
Dowan blinks!
Duvessa hits you with a +0 short sword!
* * * LOW HITPOINT WARNING * * *
You see here 12 gold pieces.
You feel less invigorated.
You feel less confused.
Unknown command.
Okay, then.
As you read the scroll of teleportation, it crumbles to dust.
You feel strangely unstable.
Duvessa opens the door.
Duvessa hits you with a +0 short sword!
You die...

..# #..# #.# #..#
###+###
#.###..#######.....#
........W....#.⌠.⌠.#
.............+..>..+
#.##........# .⌠.⌠.
#.##........## ...
#.##.........###'#
.........§...Zees#
#.##........######
#.##........#
#........#
#........#
#........#
#........#
#........#


You could see Duvessa (fast, poisoned), Dowan and a wyvern skeleton.

Vanquished Creatures
  A necrophage (D:6)
  A gnoll sergeant (D:3)
  A centaur zombie (D:7)
  An orc priest (D:4)
  Natasha (thrice) (D:2)
  3 gnolls
  3 adders
  An ufetubus (D:4)
  A dart slug (D:1)
  2 worms (D:2)
  10 orcs
  6 ball pythons
  8 endoplasms
  2 giant cockroaches
  8 goblins
  4 hobgoblins
  4 quokkas
  3 bats
  5 frilled lizards
  5 kobolds
  3 rats
75 creatures vanquished.

Notes
Turn   | Place    | Note
-------+----------+-------------------------------------------
     0 | D:1      | HAL9000 the Draconian Transmuter began the quest for the
                  | Orb.
     0 | D:1      | Reached XP level 1. HP: 16/16 MP: 3/3
    59 | D:1      | Reached XP level 2. HP: 8/23 MP: 5/5
   371 | D:1      | Learned a level 2 spell: Wereblood
   674 | D:1      | Reached XP level 3. HP: 28/28 MP: 6/6
   798 | D:1      | Learned a level 3 spell: Spider Form
   860 | D:2      | Found a faded altar of an unknown god.
   919 | D:2      | Found Onuagom's Magic Scroll Emporium.
   925 | D:2      | Bought a scroll of teleportation for 30 gold pieces
  1482 | D:2      | Noticed Natasha
  1489 | D:2      | Killed Natasha
  1490 | D:2      | Reached XP level 4. HP: 35/35 MP: 3/7
  1864 | D:2      | Noticed Natasha
  1873 | D:2      | Killed Natasha
  1874 | D:2      | Reached skill level 5 in Transmutations
  1886 | D:2      | Noticed Natasha
  1899 | D:2      | Killed Natasha
  1900 | D:2      | Reached XP level 5. HP: 28/40 MP: 1/8
  2678 | D:3      | Found an iron altar of Okawaru.
  2678 | D:3      | Found a hide-covered altar of Uskayaw.
  2678 | D:3      | Found an opulent altar of Gozag.
  4023 | D:4      | Reached XP level 6. HP: 42/48 MP: 5/9
  4261 | D:4      | You fall into a shaft and drop 3 floors!
  4275 | D:7      | Noticed an ice beast
  4316 | D:6      | Noticed Edmund
  4324 | D:6      | Noticed Dowan
  4324 | D:6      | Noticed Duvessa
  4376 | D:6      | Reached skill level 5 in Unarmed Combat
  4381 | D:6      | HP: 1/50 [Duvessa (13)]
  4383 | D:6      | Found a staircase to the Ecumenical Temple.
  4383 | D:6      | Slain by Duvessa

Illustrated notes

Levels and vault maps discovered:
D:1:      dpeg_arrival_leaves_temple_mockup, layout_rooms,
          grunt_decor_one_mirror
D:2:      layout_basic, hellmonk_ecumenical_altar_run_dry, serial_shops,
          nicolae_shop_stone, uniq_natasha
D:3:      layout_loops_corners, gammafunk_temple_overflow_forgotten
D:4:      layout_layer_cave, hangedman_decor_peaks_small,
          minmay_close_crescents, uniq_sigmund
D:6:      layout_basic, minmay_temple_entry_hall, uniq_blork_the_orc,
          uniq_edmund, uniq_duvessa
D:7:      layout_rooms, nicolae_overflow_hidden_temple,
          minmay_manual_monstrance, uniq_maggie, uniq_crazy_yiuf_cottage

Skill      XL: |  1  2  3  4  5  6 |
---------------+-------------------+-----
Transmutations | 3 4 5 |  5.3
Fighting       | 2 |  2.9
Unarmed Combat | 4 5 |  5.0
Dodging        | |  1.7
Spellcasting   | |  2.0

Action                   |  1- 3 |  4- 6 || total
-------------------------+-------+-------++-------
Melee: Unarmed           |   109 |   165 ||   274
       Kick              |    10 |     6 ||    16
       Tailslap          |     8 |     7 ||    15
       Headbutt          |     6 |     2 ||     8
       Punch             |     1 |     1 ||     2
Throw: Boomerang         |       |     9 ||     9
 Cast: Beastly Appendage |    17 |     3 ||    20
       Spider Form       |     1 |     9 ||    10
       Wereblood         |       |     1 ||     1
  Use: Scroll            |       |     2 ||     2
       Potion            |       |     1 ||     1
 Stab: Sleeping          |     1 |     1 ||     2
Armor: Skin              |    28 |    46 ||    74
Dodge: Dodged            |    65 |   127 ||   192

Table legend: (Time is in decaauts)
 A = Elapsed time spent in this place.
 B = Non-inter-level travel time spent in this place.
 C = Inter-level travel time spent in this place.
 D = Time resting spent in this place.
 E = Time spent auto-exploring this place.
 F = Levels seen in this place.
 G = Mean time per level.
                   A        B        C        D        E       F      G
               +--------+--------+--------+--------+--------+-----+--------+
         Total |   4379 |   4050 |    329 |    965 |   2322 |   6 |  729.8 |
       Dungeon |   4379 |   4050 |    329 |    965 |   2322 |   6 |  729.8 |
               +--------+--------+--------+--------+--------+-----+--------+

Top non-repeatable levels by time:
     D:2: 1846 daAuts
     D:3: 1331 daAuts
     D:1: 805 daAuts
     D:4: 277 daAuts
     D:6: 80 daAuts
     D:7: 38 daAuts
